cohdb
Replays
Latest Replays
All Replays
Popular Replays
Top Player Replays
Match Explorer
How It Works
Community
CoH3 Stats
Reddit
Sign in to upload your games and track your stats! →
Sign in with Steam
Match 27276708
Unlisted
Match 27276708
Overview
Messages
Build Orders
End
Engineer Squad
Construct Barracks
Selects Armored Battlegroup
Selects Veteran Crews
1⁄4-ton 4x4 Truck
Riflemen Squad
Riflemen Squad
Infantry Support Center
Selects Fast Deploy
Construct Medical Station
Construct Motor Pool
M1 Mortar Team
Selects M8 Scott SPG
Grenade Package
Riflemen Squad
M24 Chaffee Light Tank
M8 Greyhound Armored Car
Riflemen Squad
Selects Field Repairs
M1918 Browning Automatic Rifles
M1 Anti-tank Gun Team
MonoChrome
Reculus
0
0
Comments
sign in to comment!
No comments posted yet!